 Dungeon Crawl Stone Soup version 0.21-a0-150-gc243083 (webtiles) character file.

140467 drasked the Black Belt (level 16, -8/167 HPs)
             Began as a Troll Monk on July 26, 2017.
             Was a High Priest of Jiyva.
             Mangled by a Brimstone Fiend (16 damage)
             ... summoned by a deep elf demonologist
             ... led by an ironheart preserver
             ... on level 1 of the Vaults.
             The game lasted 01:55:12 (25547 turns).

drasked the Black Belt (Troll Monk)                Turns: 25547, Time: 01:55:13

Health: -8/167     AC: 14    Str: 12    XL:     16   Next: 11%
Magic:  0/15       EV: 23    Int:  7    God:    Jiyva [*****.]
Gold:   1310       SH:  4    Dex: 27    Spells: 15/15 levels left

rFire    + + .     SeeInvis +     - Unarmed
rCold    + . .     Gourm    +   (no shield)
rNeg     . . .     Faith    .   m - +2 robe {rC+ rF+}
rPois    +         Spirit   +   T - +2 hat {Int+3}
rElec    .         Reflect  .   u - scarf {Spirit}
rCorr    +         Harm     .   (gloves unavailable)
MR       +....                  (boots unavailable)
Stlth    +++.......             o - amulet of regeneration {+regen, !d}
HPRegen  1.17/turn              K - +6 ring of protection
MPRegen  0.14/turn              L - ring "Apol" {Fire rPois Int-3 SInv}

@: about to teleport
A: unfitting armour, claws 3, talons 1, large bone plates 1, cold resistance 1,
fast metabolism 3, gourmand, regeneration 1, shaggy fur 1, tough skin 2,
pseudopods 2, translucent skin 1, tendrils, jelly sensing items
}: 2/15 runes: decaying, slimy
a: Request Jelly, Slimify, Cure Bad Mutation, Renounce Religion


You were on level 1 of the Vaults.
You worshipped Jiyva.
Jiyva was extremely pleased with you.
You were very full.

You visited 7 branches of the dungeon, and saw 34 of its levels.

You collected 1837 gold pieces.
You spent 527 gold pieces at shops.

Inventory:

Armour
 m - a +2 robe of resistance (worn)
   (You bought it in a shop on level 1 of the Orcish Mines)
 u - a scarf of spirit shield (worn)
   (You found it on level 3 of the Dungeon)
 O - a +0 troll leather armour {regen}
   (You found it on level 2 of the Orcish Mines)
 T - a +2 hat of intelligence (worn)
   (You acquired it on level 13 of the Dungeon)
 U - +0 swamp dragon scales
   (You found it on level 1 of the Swamp)
Jewellery
 o - an amulet of regeneration (around neck) {+regen, !d}
   (You found it on level 2 of the Dungeon)
 q - a +3 ring of evasion
   (You found it on level 2 of the Dungeon)
 E - the ring "Bailim" {*Tele rElec rPois MR+++ Int-4}
   (You found it on level 6 of the Lair of Beasts)

   [ring of teleportation]

   It may teleport you next to monsters.
   It affects your intelligence (-4).
   It insulates you from electricity.
   It protects you from poison.
   It affects your resistance to hostile enchantments.
 K - a +6 ring of protection (left claw)
   (You found it on level 3 of the Lair of Beasts)
 L - the ring "Apol" (right claw) {Fire rPois Int-3 SInv}
   (You found it on level 4 of the Swamp)

   [ring of fire]

   It enhances your fire magic.
   It affects your intelligence (-3).
   It protects you from fire.
   It makes you vulnerable to cold.
   It protects you from poison.
   It lets you see invisible.
Wands
 x - a wand of confusion (24/48)
   (You found it on level 3 of the Swamp)
 D - a wand of acid (4/15)
   (You found it on level 3 of the Swamp)
 I - a wand of clouds (8/9)
   (You found it on level 6 of the Lair of Beasts)
 J - a wand of disintegration (18/24)
   (You found it on level 1 of the Vaults)
Scrolls
 e - 6 scrolls of teleportation
 l - a scroll of magic mapping {!r}
 n - 2 scrolls of fog
 p - 2 scrolls of brand weapon
 v - a scroll of recharging
 y - 4 scrolls of immolation {!r}
 z - 2 scrolls of enchant weapon
 A - 2 scrolls of amnesia
 M - a scroll of silence {unknown}
 N - 3 scrolls of remove curse
Potions
 c - 8 potions of flight
 f - 2 potions of lignification {!q}
 g - 2 potions of invisibility {unknown}
 h - 4 potions of brilliance
 j - 2 potions of degeneration {!q}
 k - 2 potions of ambrosia {unknown}
 r - 2 potions of haste
 s - 2 potions of resistance {unknown}
 w - 4 potions of heal wounds
 B - 2 potions of agility {unknown}
 C - 4 potions of curing
 F - a potion of berserk rage {unknown}
 G - 2 potions of magic
 H - a potion of might {unknown}
Books
 t - a book of the Warp
   (You found it on level 8 of the Dungeon)
Miscellaneous
 R - a phial of floods
   (You found it on level 5 of the Pits of Slime)
 S - a fan of gales
   (You found it on level 5 of the Pits of Slime)
Comestibles
 a - 5 fruits
 b - 11 bread rations {@e1}
 d - 20 royal jellies
 i - 11 meat rations {@e2}
 Q - a chunk of flesh {@w0}


   Skills:
 + Level 12.5 Fighting
 + Level 12.6 Dodging
 - Level 1.0 Stealth
 * Level 19.5 Unarmed Combat


You had 15 spell levels left.
You didn't know any spells.

Dungeon Overview and Level Annotations

Branches:
Dungeon (15/15)            Temple (1/1) D:7            Lair (6/6) D:8
  Swamp (4/4) Lair:2        Snake (0/4) Lair:3        Slime (5/5) Lair:5
    Orc (2/2) D:11            Elf (0/3) Orc:2        Vaults (1/5) D:13
 Depths (0/5) D:15

Altars:
Ashenzari
Cheibriados
Dithmenos
Elyvilon
Fedhas
Gozag
Hepliaklqana
Kikubaaqudgha
Makhleb
Nemelex Xobeh
Okawaru
Qazlal
Ru
Sif Muna
Trog
Uskayaw
Vehumet
Wu Jian
Xom
Yredelemnul
Zin
The Shining One
Beogh
Jiyva

Shops:
Orc:1 !*[?(   Orc:2 *}%(

Portals:
Pandemonium: Orc:2

Annotations:
Lair:6 exclusion: 2 oklob plants
Slime:5 Royal Jelly


Innate Abilities, Weirdness & Mutations

You are too large for most types of armour.
You have claws for hands.
Your metabolism is lightning-fast.
You like to eat raw meat.
Your natural rate of healing is unusually fast.
You are covered in fur. (AC +1)
You have very tough skin. (AC +2)
You have sharp toenails.
You are partially covered in large bone plates. (SH +4)
Your flesh is cold resistant. (rC+)
Armour fits poorly on your large pseudopods.
Your translucent skin slightly reduces your foes' accuracy. (Stealth)
You are covered in slimy tendrils that may disarm your opponents.
You have a small jelly attached to you that senses nearby items.


Message History

You claw the deep elf archer, but do no damage.
You claw the deep elf archer!
The deep elf mage mumbles some strange words.
The deep elf mage blinks!
You mangle the deep elf archer!! Your kick misses the deep elf archer.
You bludgeon the deep elf archer, but do no damage.
The deep elf archer closely misses you.
Your tendrils lash around the deep elf archer's uncursed dagger and pull it to the ground!
The deep elf archer blinks!
You closely miss the deep elf archer.
The ironbrand convoker gestures at the orc while chanting.
The orc seems to grow stronger.
You mangle the deep elf archer!!
You kill the deep elf archer!
The orc closely misses you.
You scratch the deep elf mage. You claw the deep elf mage.
You bludgeon the deep elf mage. The ironbrand convoker misses you.
You block the orc's attack.
You claw the deep elf mage!
You claw the deep elf mage, but do no damage.
The deep elf mage misses you. The ironheart preserver misses you.
You mangle the deep elf mage!! You claw the deep elf mage.
The ironbrand convoker points at the ironheart preserver and mumbles some strange words.
The ironheart preserver seems to grow stronger.
The deep elf demonologist casts a spell.
The orc closely misses you.
The deep elf mage mumbles some strange words.
The deep elf mage blinks!
You mangle the ironheart preserver!!
You claw the ironheart preserver, but do no damage.
You bludgeon the ironheart preserver.
The ironheart preserver hits you with a dire flail!
The ironbrand convoker closely misses you.
You take 10 damage, and have 100/167 hp.
You now have 7/15 mp.
You claw the ironheart preserver!
Your kick misses the ironheart preserver.
The orc misses you.
The deep elf demonologist casts a spell.
You claw the ironheart preserver!
You kill the ironheart preserver!
The ironbrand convoker hits you but does no damage.
The deep elf demonologist casts a spell.
The deep elf archer blinks!
The orc completely misses you.
You scratch the orc but do no damage. You claw the orc. You bludgeon the orc.
You kill the orc!
The deep elf mage gestures wildly while chanting.
The deep elf mage blinks!
The ironbrand convoker misses you.
You mangle the ironbrand convoker!! You claw the ironbrand convoker.
The sixfirhy completely misses you. x2
The Brimstone Fiend calls on the powers of darkness!
The deep elf demonologist convulses!
The ironbrand convoker convulses!
The deep elf mage convulses!
Your body is wracked with pain!
The deep elf archer convulses!
The sixfirhy completely misses you. The blizzard demon closely misses you.
The blizzard demon hits you!
* * * LOW HITPOINT WARNING * * *
You take 53 damage, and have 50/167 hp.
MASSIVE DAMAGE!!
You now have 4/15 mp.
You scratch the ironbrand convoker.
You claw the ironbrand convoker, but do no damage.
You bludgeon the ironbrand convoker, but do no damage.
You block the sixfirhy's attack. The sixfirhy hits you!
* * * LOW HITPOINT WARNING * * *
The sixfirhy shocks you!
* * * LOW HITPOINT WARNING * * *
The ironbrand convoker closely misses you.
The deep elf demonologist casts a spell.
You take 15 damage, and have 35/167 hp.
You now have 2/15 mp.
As you read the scroll of fear, it crumbles to dust.
You assume a fearsome visage.
The Brimstone Fiend is unaffected.
The ironbrand convoker looks frightened!
The blizzard demon is unaffected.
The sun demon is unaffected.
The sixfirhy is unaffected.
The Tzitzimitl is unaffected.
The deep elf archer looks frightened!
The deep elf mage looks frightened!
The deep elf demonologist looks frightened!
The sixfirhy closely misses you.
The sixfirhy hits you but does no damage.
The deep elf mage gestures wildly while chanting.
The deep elf mage blinks!
The sun demon barely misses you. The blizzard demon hits you!
* * * LOW HITPOINT WARNING * * *
The blizzard demon hits you but does no damage.
The deep elf demonologist mumbles some strange words.
You take 7 damage, and have 28/167 hp.
You now have 1/15 mp.
As you read the scroll of teleportation, it crumbles to dust.
You feel strangely unstable.
The deep elf archer blinks!
The sun demon misses you. The blizzard demon misses you.
The blizzard demon hits you!
* * * LOW HITPOINT WARNING * * *
The ironbrand convoker gestures at the Brimstone Fiend while chanting.
The Brimstone Fiend seems to grow stronger.
The Brimstone Fiend closely misses you. The Brimstone Fiend hits you!
* * * LOW HITPOINT WARNING * * *
The Brimstone Fiend hits you!
You die...

#######.. #...# ......#.#
##..# ......#.# +..#
......#.# #§.# ......#.#
#..# ......#.##
##e.####+## ..†...#..#
#3......... ......#..#
#32........
......#..#######@11.......
'######........(.3p.......
.................#########
#####............# ...
#............# ∆
....#..########..#
....#..# #..# ....#.^#
#..# ....#..# #..#


You could see a Tzitzimitl, a Brimstone Fiend, a blizzard demon, a sun demon, a
deep elf demonologist (fleeing), an ironbrand convoker (fleeing), a sixfirhy and
a neqoxec.

Vanquished Creatures
  4 thorn hunters
  An ironheart preserver (Vaults:1)
  The ghost of kal9871 the Spear-Bearer, a journeyman DrCK of Xom (Lair:3)
  An ettin (D:15)
  Fannar (Lair:3)
  An ogre mage (D:15)
  9 hydras
  An ice dragon (Vaults:1)
  A catoblepas (Lair:6)
  A ghost crab (Swamp:4)
  6 centaur warriors
  12 two-headed ogres
  A deep troll shaman (Lair:6)
  4 alligators
  A tengu warrior (D:15)
  8 death yaks
  7 orc high priests (Orc:2)
  Sonja (Lair:1)
  A fire crab (shapeshifter) (D:15)
  A sixfirhy (Orc:2)
  3 unseen horrors
  A spriggan druid (Swamp:4)
  A torturous demonspawn (Orc:2)
  2 infernal demonspawn (Orc:2)
  A shambling mangrove (Swamp:2)
  10 swamp dragons
  6 orc knights
  A deep elf archer (Vaults:1)
  A necromancer (D:13)
  A lindwurm (Lair:6)
  3 deep elf magi
  6 orc sorcerers
  A manticore (D:13)
  3 elephants (Lair:6)
  A cyclops (D:13)
  A centaur zombie (D:15)
  4 black mambas
  3 gargoyles
  An orange demon (Orc:2)
  A rust devil (Orc:2)
  16 spiny frogs
  8 komodo dragons
  A hellwing (Orc:2)
  8 trolls
  2 hornets
  3 meliai (D:13)
  4 tyrant leeches
  17 blink frogs
  4 polar bears
  3 bog bodies (Swamp:1)
  11 hippogriffs
  8 dream sheep
  2 shadows (Swamp:3)
  A wraith (D:14)
  2 wyverns
  2 spriggans (Swamp:4)
  3 ynoxinuls (Orc:2)
  17 yaks
  9 vampire mosquitoes
  A chaos spawn (Orc:2)
  3 hungry ghosts
  5 basilisks
  2 wargs
  22 swamp worms
  An acid dragon (D:12)
  3 soldier ants
  18 water moccasins
  5 porcupines
  Purgy (D:3)
  Duvessa (D:6)
  5 ice beasts
  A sky beast (D:5)
  9 swamp drakes
  3 black bears
  A necrophage (D:8)
  29 orc warriors
  6 wolves
  19 ogres
  A centaur (D:10)
  11 crocodiles
  A big kobold (D:11)
  20 bullfrogs
  A gnoll sergeant (D:8)
  Dowan (D:6)
  5 scorpions
  17 killer bees
  15 wights
  3 electric eels
  3 crimson imps
  2 quasits (D:13)
  A bullfrog skeleton (D:5)
  3 hounds
  2 jellies
  20 orc priests
  3 centaur skeletons
  17 orc wizards
  6 iguanas
  15 worker ants
  2 hell rats (D:8)
  3 human simulacra
  2 hound skeletons
  2 worker ant zombies
  19 adders
  3 gnolls (D:8)
  2 river rats (D:8)
  5 shadow imps
  2 white imps (D:11)
  An ooze (D:2)
  2 adder skeletons
  An adder zombie (D:6)
  4 worms (D:8)
  4 dart slugs
  7 leopard geckos
  74 orcs
  A ball python (D:3)
  6 bats
  2 giant cockroaches
  20 goblins
  5 hobgoblins
  26 jackals
  5 quokkas
  4 frilled lizards
  10 kobolds
  2 leopard gecko skeletons
  15 rats
  2 fungi
  5 plants
753 creatures vanquished.

Vanquished Creatures (collateral kills)
  Mara (Swamp:3)
  Jorgrun (Swamp:3)
2 creatures vanquished.

Vanquished Creatures (others)
  5 acid blobs
  2 azure jellies (Swamp:4)
  A hydra (Swamp:3)
  2 swamp dragons (Swamp:4)
  A two-headed ogre (D:14)
  An alligator (Swamp:4)
  A glowing orange brain (Slime:5)
  2 oklob plants (Lair:6)
  A deep elf mage (D:14)
  A shining eye (Slime:5)
  A manticore (D:14)
  A spiny frog (Swamp:4)
  A komodo dragon (D:14)
  A torpor snail (Lair:6)
  A tyrant leech (Swamp:4)
  A hornet (Swamp:4)
  29 slime creatures
  A blink frog (Lair:6)
  A bog body (Swamp:3)
  A shadow (Swamp:3)
  A spriggan (Swamp:4)
  3 yaks
  4 vampire mosquitoes (Swamp:4)
  A swamp worm (Swamp:3)
  2 orc warriors
  6 swamp drakes
  2 ogres
  A centaur (D:9)
  3 bullfrogs
  A scorpion (D:14)
  5 killer bees
  6 wights
  2 howler monkeys
  A crimson imp (D:8)
  118 jellies
  An orc priest (Orc:2)
  An orc wizard (Orc:2)
  A worker ant (D:14)
  2 adders (Lair:3)
  A shadow imp (D:15)
  A white imp (D:11)
  A worker ant simulacrum (D:11)
  5 oozes
  12 orcs
  A kobold (D:11)
  A quokka (D:9)
  2 briar patches (Swamp:3)
  16 fungi
  11 plants
267 creatures vanquished.

Grand Total: 1022 creatures vanquished

Notes
Turn   | Place    | Note
-------+----------+-------------------------------------------
     0 | D:1      | drasked the Troll Monk began the quest for the Orb.
     0 | D:1      | Reached XP level 1. HP: 22/22 MP: 0/0
   131 | D:1      | Reached XP level 2. HP: 29/29 MP: 1/1
   617 | D:1      | Reached XP level 3. HP: 36/36 MP: 2/2
  1014 | D:2      | Reached skill level 4 in Unarmed Combat
  1155 | D:2      | Found an ancient bone altar of Kikubaaqudgha.
  1218 | D:2      | Reached XP level 4. HP: 42/44 MP: 3/3
  1267 | D:2      | Found a stormy altar of Qazlal.
  1275 | D:2      | Reached skill level 3 in Fighting
  1279 | D:2      | Found a shattered altar of Ashenzari.
  1432 | D:2      | Found a blossoming altar of Fedhas.
  1478 | D:2      | Reached skill level 3 in Dodging
  1794 | D:3      | Found a glowing silver altar of Zin.
  1942 | D:3      | Found an ornate altar of the Wu Jian Council.
  1943 | D:3      | Found a shimmering altar of Xom.
  1947 | D:3      | Found a burning altar of Makhleb.
  1957 | D:3      | Reached XP level 5. HP: 49/53 MP: 4/4
  2019 | D:3      | Noticed Purgy
  2023 | D:3      | Gained mutation: You evolve. [potion of mutation]
  2023 | D:3      | Gained mutation: You are robust. (+10% HP) [potion of mutation]
  2031 | D:3      | Killed Purgy
  2031 | D:3      | Reached skill level 5 in Unarmed Combat
  2215 | D:3      | Reached XP level 6. HP: 67/67 MP: 5/5
  2902 | D:4      | Reached skill level 6 in Unarmed Combat
  2909 | D:4      | Reached XP level 7. HP: 57/74 MP: 6/6
  3006 | D:4      | Reached skill level 4 in Fighting
  3341 | D:5      | Entered Level 5 of the Dungeon
  3607 | D:5      | Reached skill level 4 in Dodging
  3931 | D:5      | Found a snail-covered altar of Cheibriados.
  4198 | D:6      | Reached skill level 7 in Unarmed Combat
  4222 | D:6      | Noticed Duvessa
  4222 | D:6      | Noticed Dowan
  4233 | D:6      | Killed Duvessa
  4237 | D:6      | Killed Dowan
  4237 | D:6      | Reached XP level 8. HP: 75/86 MP: 7/7
  4608 | D:6      | Found a hide-covered altar of Uskayaw.
  4611 | D:6      | Noticed a hand axe
  4613 | D:6      | Noticed a dagger
  4789 | D:6      | Found an iron altar of Okawaru.
  5253 | D:7      | Reached skill level 5 in Fighting
  5269 | D:7      | Reached skill level 8 in Unarmed Combat
  5274 | D:7      | HP: 17/88 [orc warrior/flail (16)]
  5276 | D:7      | Reached skill level 5 in Dodging
  5280 | D:7      | HP: 18/88 [something (2)]
  5657 | D:7      | Reached XP level 9. HP: 64/96 MP: 4/8
  5659 | D:7      | Reached skill level 9 in Unarmed Combat
  5784 | D:7      | Found a staircase to the Ecumenical Temple.
  5793 | Temple   | Entered the Ecumenical Temple
  5990 | D:7      | Found a radiant altar of Vehumet.
  6050 | D:7      | Found Xoppajyr's Assorted Antiques.
  6273 | D:8      | Noticed a two-headed ogre
  6283 | D:8      | Killed a two-headed ogre
  6283 | D:8      | Reached skill level 6 in Fighting
  6283 | D:8      | Reached skill level 6 in Dodging
  6283 | D:8      | Reached skill level 10 in Unarmed Combat
  6555 | D:8      | Noticed a two-headed ogre
  6572 | D:8      | Killed a two-headed ogre
  6572 | D:8      | Reached XP level 10. HP: 53/110 MP: 3/9
  6672 | D:8      | Noticed a death yak
  6674 | D:8      | Found a staircase to the Lair.
  6674 | D:8      | Noticed a death yak
  6675 | D:8      | Noticed a death yak
  6687 | D:8      | Killed a death yak
  6687 | D:8      | Reached skill level 11 in Unarmed Combat
  6694 | D:8      | Killed a death yak
  6694 | D:8      | Reached skill level 7 in Fighting
  6694 | D:8      | Reached skill level 7 in Dodging
  6701 | D:8      | HP: 26/111 [death yak (21)]
  6738 | D:8      | Killed a death yak
  6955 | D:8      | Noticed a two-headed ogre
  6960 | D:8      | Killed a two-headed ogre
  6960 | D:8      | Reached skill level 12 in Unarmed Combat
  6988 | D:8      | Noticed a moth of wrath
  7053 | D:8      | Found a bloodstained altar of Trog.
  7247 | D:8      | Gained mutation: You are resistant to hostile enchantments. (MR+) [evolution]
  7295 | D:8      | Noticed a two-headed ogre
  7300 | D:8      | Killed a two-headed ogre
  7300 | D:8      | Reached XP level 11. HP: 120/120 MP: 10/10
  7519 | Lair:1   | Entered Level 1 of the Lair of Beasts
  7683 | Lair:3   | Noticed Fannar
  7702 | Lair:3   | Killed Fannar
  7702 | Lair:3   | Reached skill level 8 in Fighting
  7702 | Lair:3   | Reached skill level 8 in Dodging
  7742 | Lair:3   | Found a staircase to the Snake Pit.
  7899 | Lair:4   | Reached skill level 13 in Unarmed Combat
  8624 | Lair:4   | Gained mutation: You have large cloven feet. [evolution]
  9226 | Lair:5   | Found a staircase to the Slime Pits.
  9229 | Lair:5   | Found a viscous altar of Jiyva.
  9241 | Lair:5   | Became a worshipper of Jiyva Jijazea the Shapeless
  9241 | Lair:5   | Reached * piety under Jiyva
  9241 | Lair:5   | Reached ** piety under Jiyva
  9311 | Lair:3   | Noticed kal9871's ghost (journeyman DrCK)
  9434 | Lair:1   | Reached XP level 12. HP: 133/133 MP: 11/11
  9563 | Lair:1   | Noticed Sonja
  9575 | Lair:1   | Killed Sonja
  9575 | Lair:1   | Reached skill level 14 in Unarmed Combat
 10170 | Lair:2   | Reached skill level 9 in Dodging
 10181 | Lair:2   | Reached skill level 9 in Fighting
 10665 | Lair:2   | Found a staircase to the Swamp.
 10721 | Lair:2   | Reached *** piety under Jiyva
 10721 | Lair:2   | Gained mutation: Your body sometimes deteriorates upon taking damage. [Jiyva's grace]
 10813 | Lair:3   | Noticed a five-headed hydra
 11038 | Lair:3   | Killed kal9871's ghost
 11158 | Lair:3   | Found a shimmering altar of Xom.
 11365 | Lair:2   | drasked: ??hydra
 11365 | Lair:2   | beem: hydra[1/6]: Regenerating monster that attacks once for every head. Slicing or chopping (see [2]) attacks will cut off a head, causing two to grow in its place and healing the hydra for 7+d8 HP. Head count doesn't affect experience gained. Flaming edged weapons remove heads for good. A headless hydra dies instantly. Monsters chop hydra heads only about 1/4 of the time.
 11365 | Lair:2   | drasked: @!!ydra
 11365 | Lair:2   | drasked: @!!hydra
 11572 | Lair:5   | Gained mutation: You are resistant to electric shocks. (rElec) [evolution]
 11658 | Lair:5   | Noticed an acid blob
 12114 | Lair:6   | Entered Level 6 of the Lair of Beasts
 12249 | Lair:6   | Reached skill level 15 in Unarmed Combat
 12414 | Lair:6   | Gained mutation: Your spells are a little harder to cast, but a little more powerful. [Jiyva's grace]
 12414 | Lair:6   | Reached **** piety under Jiyva
 12485 | Lair:6   | Noticed a six-headed hydra
 12511 | Lair:6   | Killed a ten-headed hydra
 12523 | Lair:6   | Reached XP level 13. HP: 58/144 MP: 4/12
 12643 | Lair:6   | Gained mutation: Your system is resistant to poisons. (rPois) [Jiyva's grace]
 12810 | Lair:6   | Reached skill level 10 in Dodging
 12943 | Lair:6   | Reached ***** piety under Jiyva
 12944 | Lair:6   | Lost mutation: Your body sometimes deteriorates upon taking damage. [Jiyva's power]
 12976 | Lair:6   | Reached skill level 10 in Fighting
 13052 | Lair:6   | Got a bound tin ring
 13234 | Lair:6   | Gained mutation: You have a small jelly attached to you that may absorb incoming projectiles. [Jiyva's grace]
 13242 | Lair:6   | Identified the ring "Bailim" {*Tele rElec rPois MR+++ Int-4} (You found it on level 6 of the Lair of Beasts)
 13566 | D:9      | Found a shimmering altar of Xom.
 13704 | D:9      | Gained mutation: You are covered in thick fur. (AC +2) [Jiyva's grace]
 13728 | D:9      | Reached skill level 16 in Unarmed Combat
 13750 | D:9      | Lost mutation: You are covered in thick fur. (AC +2) [Jiyva's grace]
 13816 | D:9      | Lost mutation: You evolve. [Jiyva's grace]
 14028 | D:9      | Reached ****** piety under Jiyva
 14146 | Slime:1  | Entered Level 1 of the Pits of Slime
 14162 | Slime:1  | Noticed an acid blob
 14179 | Slime:1  | Noticed an acid blob
 14282 | Slime:2  | Noticed an acid blob
 14285 | Slime:2  | Noticed a death ooze
 14304 | Slime:4  | Noticed an azure jelly
 14304 | Slime:4  | Noticed an acid blob
 14311 | Slime:5  | Entered Level 5 of the Pits of Slime
 14311 | Slime:5  | Noticed an acid blob
 14324 | Slime:5  | Noticed an acid blob
 14326 | Slime:5  | Killed an acid blob
 14329 | Slime:5  | Noticed an azure jelly
 14332 | Slime:5  | Noticed an acid blob
 14332 | Slime:5  | Noticed an acid blob
 14332 | Slime:5  | Noticed the Royal Jelly
 14332 | Slime:5  | Noticed an acid blob
 14335 | Slime:5  | Found a viscous altar of Jiyva.
 14335 | Slime:5  | Noticed an acid blob
 14337 | Slime:5  | Gained mutation: Your flesh is heat resistant. (rF+) [Jiyva's grace]
 14346 | Slime:5  | Got a slimy rune of Zot
 14347 | Slime:5  | Gained mutation: You have a pair of small horns on your head. [Jiyva's grace]
 14349 | Slime:5  | Got a polished shortbow
 14366 | Slime:5  | Got a polished shortbow
 14384 | Slime:5  | Got an ebony dagger
 14418 | Slime:5  | Killed an acid blob
 14616 | D:6      | Lost mutation: You are resistant to hostile enchantments. (MR+) [potion of mutation]
 14616 | D:6      | Lost mutation: You have a small jelly attached to you that may absorb incoming projectiles. [potion of mutation]
 14616 | D:6      | Lost mutation: Your flesh is heat resistant. (rF+) [potion of mutation]
 14616 | D:6      | Lost mutation: You have a pair of small horns on your head. [potion of mutation]
 14616 | D:6      | Lost mutation: Your system is resistant to poisons. (rPois) [potion of mutation]
 14616 | D:6      | Lost mutation: Your spells are a little harder to cast, but a little more powerful. [potion of mutation]
 14616 | D:6      | Gained mutation: You have a pair of small horns on your head. [potion of mutation]
 14616 | D:6      | Gained mutation: You have hoof-like feet. [potion of mutation]
 14616 | D:6      | Gained mutation: You are somewhat resistant to further mutation. [potion of mutation]
 14617 | D:6      | Lost mutation: You are robust. (+10% HP) [potion of mutation]
 14617 | D:6      | Lost mutation: You have hoof-like feet. [potion of mutation]
 14617 | D:6      | Lost mutation: You have a pair of small horns on your head. [potion of mutation]
 14617 | D:6      | Gained mutation: You are somewhat resistant to both further mutation and mutation removal. [potion of mutation]
 14618 | D:6      | Lost mutation: You are somewhat resistant to both further mutation and mutation removal. [potion of mutation]
 14618 | D:6      | Lost mutation: You have large cloven feet. [potion of mutation]
 14618 | D:6      | Lost mutation: You are somewhat resistant to further mutation. [potion of mutation]
 14618 | D:6      | Gained mutation: You are somewhat resistant to further mutation. [potion of mutation]
 14618 | D:6      | Gained mutation: You are somewhat resistant to both further mutation and mutation removal. [potion of mutation]
 14654 | D:8      | Lost mutation: You are somewhat resistant to both further mutation and mutation removal. [Jiyva's grace]
 14683 | D:9      | Found a hazy altar of Hepliaklqana.
 14709 | D:10     | Entered Level 10 of the Dungeon
 15530 | D:11     | Found a staircase to the Orcish Mines.
 15617 | D:11     | Gained mutation: You are somewhat resistant to both further mutation and mutation removal. [Jiyva's grace]
 15640 | D:11     | Lost mutation: You are somewhat resistant to both further mutation and mutation removal. [Jiyva's grace]
 15806 | D:11     | Gained mutation: You have acidic saliva. [Jiyva's grace]
 16147 | Orc:1    | Entered Level 1 of the Orcish Mines
 16167 | Orc:1    | Found Fastraeso's Armour Shoppe.
 16178 | Orc:1    | Bought a +2 robe of resistance for 527 gold pieces
 16212 | Orc:1    | Found Tubrulo's Magic Scroll Shop.
 16329 | Orc:1    | Gained mutation: You are partially covered in thin metallic scales. (AC +2) [Jiyva's grace]
 16362 | Orc:2    | Entered Level 2 of the Orcish Mines
 16368 | Orc:1    | Found Orocuibla's Antique Weapon Boutique.
 16508 | Orc:1    | Found Kalo's Distillery.
 16546 | Orc:1    | Found Qeox's General Store.
 16555 | Orc:1    | Found a roughly hewn altar of Beogh.
 16600 | Orc:1    | Lost mutation: You are somewhat resistant to further mutation. [Jiyva's grace]
 17199 | Orc:2    | Found a staircase to the Elven Halls.
 17213 | Orc:2    | Lost mutation: You are partially covered in thin metallic scales. (AC +2) [Jiyva's grace]
 17320 | Orc:2    | Found Huto Ruu's General Store.
 17321 | Orc:2    | Found Ibiet's Food Shoppe.
 17377 | Orc:2    | Gained mutation: Your mind is acute. (Int +2) [Jiyva's grace]
 17407 | Orc:2    | Gained mutation: Your translucent skin slightly reduces your foes' accuracy. (Stealth) [Jiyva's grace]
 17511 | Orc:2    | Reached XP level 14. HP: 143/143 MP: 13/13
 17559 | Orc:2    | Gained mutation: You are partially covered in large bone plates. (SH +4) [Jiyva's grace]
 17608 | Orc:2    | Gained mutation: Your body sometimes deteriorates upon taking damage. [Jiyva's grace]
 17614 | Orc:2    | Lost mutation: Your body sometimes deteriorates upon taking damage. [Jiyva's power]
 17655 | Orc:2    | Reached skill level 11 in Dodging
 17677 | Orc:2    | Lost mutation: You have acidic saliva. [Jiyva's grace]
 17689 | Orc:2    | Reached skill level 17 in Unarmed Combat
 17759 | Orc:2    | Reached skill level 11 in Fighting
 17761 | Orc:2    | Found Utigedgh's Antique Weapon Boutique.
 17761 | Orc:2    | Found Doxtaexo's Gadget Shop.
 17791 | Orc:2    | Found a one-way gate leading to the halls of Pandemonium.
 18049 | Orc:2    | Gained mutation: You have a pair of small horns on your head. [Jiyva's grace]
 18198 | D:12     | HP: 35/146 [basilisk (3)]
 18203 | D:12     | HP: 21/146 [basilisk (1)]
 18328 | D:12     | Noticed an acid blob
 18328 | D:12     | a seven-headed hydra changed into an acid blob
 18338 | D:12     | Gained mutation: Your magical capacity is low. (-10% MP) [Jiyva's grace]
 18355 | D:12     | Lost mutation: Your translucent skin slightly reduces your foes' accuracy. (Stealth) [Jiyva's grace]
 18923 | D:13     | Gained mutation: Your mind is very acute. (Int +4) [Jiyva's grace]
 18984 | D:13     | Gained mutation: You can translocate small distances at will. [Jiyva's grace]
 18995 | D:13     | Lost mutation: Your magical capacity is low. (-10% MP) [Jiyva's power]
 19170 | D:13     | Identified a scroll of acquirement
 19210 | D:13     | Found a gate to the Vaults.
 19224 | D:13     | Lost mutation: You can translocate small distances at will. [Jiyva's grace]
 19626 | D:14     | Gained mutation: Armour fits poorly on your pseudopods. [Jiyva's grace]
 19665 | D:14     | Lost mutation: You have a pair of small horns on your head. [Jiyva's grace]
 19908 | D:15     | Entered Level 15 of the Dungeon
 19977 | D:15     | Reached skill level 18 in Unarmed Combat
 20118 | D:15     | Found a staircase to the Depths.
 20161 | D:15     | Gained mutation: Your translucent skin slightly reduces your foes' accuracy. (Stealth) [Jiyva's grace]
 20259 | D:15     | Lost mutation: Your mind is very acute. (Int +4) [Jiyva's grace]
 20279 | D:15     | Reached XP level 15. HP: 126/154 MP: 11/14
 20464 | D:15     | Gained mutation: You have a small jelly attached to you that senses nearby items. [Jiyva's grace]
 20866 | D:12     | Gained mutation: You are covered in slimy tendrils that may disarm your opponents. [Jiyva's grace]
 21002 | Swamp:1  | Entered Level 1 of the Swamp
 21110 | Swamp:1  | Noticed a thorn hunter
 21136 | Swamp:1  | Killed a thorn hunter
 21310 | Swamp:1  | Noticed an acid blob
 21310 | Swamp:1  | an eight-headed hydra changed into an acid blob
 21337 | Swamp:1  | Noticed an acid blob
 21337 | Swamp:1  | a seven-headed hydra changed into an acid blob
 21668 | Swamp:2  | Lost mutation: Your mind is acute. (Int +2) [Jiyva's grace]
 21921 | Swamp:2  | Noticed a thorn hunter
 21939 | Swamp:2  | Killed a thorn hunter
 22050 | Swamp:2  | Gained mutation: Armour fits poorly on your large pseudopods. [Jiyva's grace]
 22344 | Swamp:3  | Noticed Mara
 22424 | Swamp:2  | Reached skill level 12 in Dodging
 22446 | Swamp:3  | Noticed an acid blob
 22446 | Swamp:3  | a four-headed hydra changed into an acid blob
 22454 | Swamp:3  | Noticed an acid blob
 22454 | Swamp:3  | a five-headed hydra changed into an acid blob
 22508 | Swamp:3  | Noticed drasked's illusion
 22627 | Swamp:3  | Noticed Jorgrun
 22632 | Swamp:3  | Killed an acid blob
 22636 | Swamp:3  | Killed Jorgrun
 22636 | Swamp:3  | Reached skill level 12 in Fighting
 22691 | Swamp:3  | Gained mutation: Your translucent skin reduces your foes' accuracy. (Stealth) [Jiyva's grace]
 22876 | Swamp:3  | Lost mutation: Your translucent skin reduces your foes' accuracy. (Stealth) [Jiyva's grace]
 22878 | Swamp:3  | Noticed an acid blob
 22878 | Swamp:3  | a six-headed hydra changed into an acid blob
 22907 | Swamp:3  | Noticed drasked's illusion
 23035 | Swamp:3  | Noticed drasked's illusion
 23051 | Swamp:2  | Lost mutation: You are resistant to electric shocks. (rElec) [Jiyva's grace]
 23276 | Swamp:3  | Killed Mara
 23425 | Swamp:3  | Noticed a thorn hunter
 23440 | Swamp:3  | Reached skill level 19 in Unarmed Combat
 23448 | Swamp:3  | Killed a thorn hunter
 23489 | Swamp:3  | Noticed a thorn hunter
 23518 | Swamp:3  | Killed a thorn hunter
 23759 | Swamp:4  | Entered Level 4 of the Swamp
 23790 | Swamp:4  | Gained mutation: You are resistant to hostile enchantments. (MR+) [Jiyva's grace]
 23859 | Swamp:4  | Got a flickering lead ring
 23937 | Swamp:4  | Noticed an azure jelly
 23937 | Swamp:4  | a six-headed hydra changed into an azure jelly
 23938 | Swamp:4  | Lost mutation: You are resistant to hostile enchantments. (MR+) [Jiyva's grace]
 23946 | Swamp:4  | Identified the ring "Apol" {Fire rPois Int-3 SInv} (You found it on level 4 of the Swamp)
 23996 | Swamp:4  | Noticed an acid blob
 23996 | Swamp:4  | an eight-headed hydra changed into an acid blob
 24014 | Swamp:4  | Noticed an acid blob
 24014 | Swamp:4  | a nine-headed hydra changed into an acid blob
 24018 | Swamp:4  | Killed an acid blob
 24019 | Swamp:4  | Noticed an acid blob
 24019 | Swamp:4  | an eight-headed hydra changed into an acid blob
 24032 | Swamp:4  | Killed an acid blob
 24037 | Swamp:4  | Noticed an azure jelly
 24037 | Swamp:4  | an eight-headed hydra changed into an azure jelly
 24045 | Swamp:4  | Killed an azure jelly
 24051 | Swamp:4  | Noticed an azure jelly
 24051 | Swamp:4  | a five-headed hydra changed into an azure jelly
 24077 | Swamp:4  | Gained mutation: You have sharp toenails. [Jiyva's grace]
 24119 | Swamp:4  | Noticed the 27-headed Lernaean hydra
 24119 | Swamp:4  | drasked: @!!Lernaean
 24121 | Swamp:4  | Killed an azure jelly
 24134 | Swamp:4  | Slimified the 27-headed Lernaean hydra
 24134 | Swamp:4  | Noticed a slime creature shaped Lernaean hydra
 24134 | Swamp:4  | the 27-headed Lernaean hydra changed into a slime creature shaped Lernaean hydra
 24474 | Swamp:4  | Gained mutation: Your flesh is cold resistant. (rC+) [Jiyva's grace]
 24526 | Swamp:4  | Got a decaying rune of Zot
 24854 | Swamp:4  | Reached XP level 16. HP: 156/167 MP: 13/15
 24891 | Swamp:4  | Killed a slime creature shaped Lernaean hydra
 25333 | Vaults:1 | Entered Level 1 of the Vaults
 25540 | Vaults:1 | Noticed a Brimstone Fiend
 25545 | Vaults:1 | HP: 35/167 [sixfirhy[an ironheart preserver] (9)]
 25546 | Vaults:1 | Noticed a Tzitzimitl
 25547 | Vaults:1 | HP: 8/167 [Brimstone Fiend[an ironheart preserver] (14)]
 25547 | Vaults:1 | Mangled by a Brimstone Fiend

Vault maps used:
D:1:      dpeg_arrival_chambers_temple_mockup
D:2:      kennysheep_the_goblin_king, fedhas_altar_3,
          nicolae_overflow_hidden_temple, old_standard_altar,
          nicolae_qazlal_eye_of_the_storm
D:3:      chequers_temple_overflow_statue_of_worship, uniq_purgy
D:4:      first_bread
D:5:      kennysheep_slug_shrine
D:6:      dancing_weapons_uskayaw, lemuel_crystal_altar, uniq_duvessa
D:7:      kennysheep_little_box, minmay_temple_entry_glass, serial_shops, shop
D:8:      tgw_trog, dpeg_lair_monsters, hangedman_pestilent_swarm
D:9:      basic_altar, grunt_decor_arrowhead, xom_teletrap_fun
D:10:     minmay_door_square
D:11:     david_orc_2, serial_ice, serial_ice_f, serial_ice_n, serial_ice_o,
          serial_ice_m
D:12:     corexii_hall_statues_u, bh_circular_ruins
D:13:     david_vaults_1
D:14:     serial_park_avenue1
D:15:     hangedman_depths_entry_civil_slaughter, minmay_misc_feat_enclosed,
          nrook_loot_triangle, minmay_misc_feat_iff
Temple:   eino_temple_lava
Lair:1:   st_stairs_7, uniq_sonja
Lair:2:   lemuel_slime, nicolae_swamp_entry_splash_gauntlet
Lair:3:   minmay_snake_entry_six_corridors, basic_altar,
          kennysheep_snail_temple, uniq_fannar
Lair:4:   serial_forest, infiniplex_forest_lined_3_way,
          infiniplex_forest_straight_3, infiniplex_forest_lined_room_,
          infiniplex_forest_lined_2, infiniplex_forest_zigzag_1,
          infiniplex_forest_lined_4_way, infiniplex_forest_join,
          infiniplex_forest_lined_corner, infiniplex_forest_zigzag_2,
          infiniplex_forest_clump_C, infiniplex_staircase_pool
Lair:5:   slime_altar_1
Lair:6:   grunt_lair_end_beastmaster, minmay_lair_oklob_chamber
Swamp:1:  wheals_swamp_sinkhole
Swamp:2:  nicolae_swamp_fairy_circle, swamp_pool2, ldierk_geyser
Swamp:3:  nicolae_swamp_orc_logging_accident, uniq_jorgrun, uniq_mara
Swamp:4:  swamp_old_school, swamp_pool4
Slime:2:  basic_altar
Slime:4:  cheibrodos_slime_lost_civilization_9,
          cheibrodos_slime_lost_civilization_5
Orc:1:    serial_shops, shop, shop, shop, nicolae_shop_stone, shop, basic_altar
Orc:2:    pf_orc_diabolical
Vaults:1: ontoclasm_vaults_loading_screen, v_rooms_4,
          nicolae_vaults_big_angled_halls, hangedman_vaults_cutoff,
          nicolae_vaults_triangles, nicolae_vaults_shelves_hall,
          hangedman_vaults_slice, hangedman_vaults_trim,
          nicolae_trove_entry_columns

Skill      XL: |  1  2  3  4  5  6  7  8  9 10 11 12 13 14 15 |
---------------+----------------------------------------------+-----
Unarmed Combat | 4 5 6 7 8 10 12 13 15 16 18 19 | 19.5
Fighting       | 3 4 5 6 7 8 9 10 11 12 | 12.5
Dodging        | 3 4 5 6 7 8 9 10 11 12 | 12.6
Stealth        | |  1.0

Action                   |  1- 3 |  4- 6 |  7- 9 | 10-12 | 13-15 | 16-18 || total
-------------------------+-------+-------+-------+-------+-------+-------++-------
Melee: Unarmed           |   119 |   142 |   241 |   577 |  1505 |    72 ||  2656
       Punch             |     3 |     2 |    14 |    26 |   171 |     9 ||   225
       Kick              |       |       |       |    90 |   112 |    37 ||   239
       Bite              |       |       |       |       |    39 |       ||    39
       Headbutt          |       |       |       |       |    53 |       ||    53
       Pseudopods        |       |       |       |       |   174 |    24 ||   198
Invok: Request Jelly     |       |       |       |     2 |     8 |       ||    10
       Slimify           |       |       |       |       |    21 |       ||    21
       Cure Bad Mutation |       |       |       |       |     3 |       ||     3
Evoke: Wand              |       |       |       |     2 |       |       ||     2
  Use: Potion            |       |     1 |       |       |     4 |       ||     5
       Scroll            |       |       |       |    12 |    20 |     2 ||    34
 Stab: Sleeping          |     4 |     3 |     5 |     1 |     7 |       ||    20
       Distracted        |       |       |       |     2 |    11 |       ||    13
  Eat: Chunk             |    17 |    13 |    35 |    43 |    48 |    10 ||   166
       Fruit             |       |       |       |       |     2 |       ||     2
       Royal jelly       |       |       |       |       |     1 |       ||     1
Armor: Robe              |    43 |    53 |    32 |   100 |   344 |    18 ||   590
       Swamp dragon scal |       |       |       |       |    38 |       ||    38
Dodge: Dodged            |    49 |    59 |   157 |   373 |  1289 |    64 ||  1991
Block: Other             |       |       |       |       |   128 |    11 ||   139

Vault maps used:
D:1:      dpeg_arrival_chambers_temple_mockup
D:2:      kennysheep_the_goblin_king, fedhas_altar_3,
          nicolae_overflow_hidden_temple, old_standard_altar,
          nicolae_qazlal_eye_of_the_storm
D:3:      chequers_temple_overflow_statue_of_worship, uniq_purgy
D:4:      first_bread
D:5:      kennysheep_slug_shrine
D:6:      dancing_weapons_uskayaw, lemuel_crystal_altar, uniq_duvessa
D:7:      kennysheep_little_box, minmay_temple_entry_glass, serial_shops, shop
D:8:      tgw_trog, dpeg_lair_monsters, hangedman_pestilent_swarm
D:9:      basic_altar, grunt_decor_arrowhead, xom_teletrap_fun
D:10:     minmay_door_square
D:11:     david_orc_2, serial_ice, serial_ice_f, serial_ice_n, serial_ice_o,
          serial_ice_m
D:12:     corexii_hall_statues_u, bh_circular_ruins
D:13:     david_vaults_1
D:14:     serial_park_avenue1
D:15:     hangedman_depths_entry_civil_slaughter, minmay_misc_feat_enclosed,
          nrook_loot_triangle, minmay_misc_feat_iff
Temple:   eino_temple_lava
Lair:1:   st_stairs_7, uniq_sonja
Lair:2:   lemuel_slime, nicolae_swamp_entry_splash_gauntlet
Lair:3:   minmay_snake_entry_six_corridors, basic_altar,
          kennysheep_snail_temple, uniq_fannar
Lair:4:   serial_forest, infiniplex_forest_lined_3_way,
          infiniplex_forest_straight_3, infiniplex_forest_lined_room_,
          infiniplex_forest_lined_2, infiniplex_forest_zigzag_1,
          infiniplex_forest_lined_4_way, infiniplex_forest_join,
          infiniplex_forest_lined_corner, infiniplex_forest_zigzag_2,
          infiniplex_forest_clump_C, infiniplex_staircase_pool
Lair:5:   slime_altar_1
Lair:6:   grunt_lair_end_beastmaster, minmay_lair_oklob_chamber
Swamp:1:  wheals_swamp_sinkhole
Swamp:2:  nicolae_swamp_fairy_circle, swamp_pool2, ldierk_geyser
Swamp:3:  nicolae_swamp_orc_logging_accident, uniq_jorgrun, uniq_mara
Swamp:4:  swamp_old_school, swamp_pool4
Slime:2:  basic_altar
Slime:4:  cheibrodos_slime_lost_civilization_9,
          cheibrodos_slime_lost_civilization_5
Orc:1:    serial_shops, shop, shop, shop, nicolae_shop_stone, shop, basic_altar
Orc:2:    pf_orc_diabolical
Vaults:1: ontoclasm_vaults_loading_screen, v_rooms_4,
          nicolae_vaults_big_angled_halls, hangedman_vaults_cutoff,
          nicolae_vaults_triangles, nicolae_vaults_shelves_hall,
          hangedman_vaults_slice, hangedman_vaults_trim,
          nicolae_trove_entry_columns

Table legend:
 A = Turns spent in this place as a percentage of turns spent in the entire game.
 B = Non-inter-level travel turns spent in this place as a percentage of non-inter-level travel turns spent in the entire game.
 C = Inter-level travel turns spent in this place as a percentage of turns spent in this place.
 D = Turns resting spent in this place as a percentage of non-inter-level travel turns spent in this place.
 E = Turns spent auto-exploring this place as a percentage of non-inter-level travel turns spent in this place.
 F = Non-inter-level travel turns spent in this place divided by the number of levels of this place that you've seen.
                   A       B       C       D       E      F
               +-------+-------+-------+-------+-------+----------------------
         Total | 100.0 | 100.0 |   0.6 |   1.7 |   6.5 | 340.9
       Dungeon |  48.1 |  48.1 |   0.6 |   1.1 |   8.5 | 371.8
        Temple |   0.2 |   0.2 |   0.0 |   0.0 |  18.2 |  22.0
          Lair |  23.6 |  23.6 |   0.7 |   2.3 |   3.3 | 455.7
         Swamp |  15.1 |  15.1 |   0.7 |   3.8 |   5.5 | 437.8
    Slime Pits |   2.1 |   2.0 |   1.2 |   0.0 |   4.2 |  47.4
  Orcish Mines |   9.4 |   9.4 |   0.4 |   0.4 |   6.1 | 547.0
        Vaults |   1.5 |   1.5 |   0.0 |   0.0 |   4.0 | 176.0
               +-------+-------+-------+-------+-------+----------------------

Table legend:
 A = Kills in this place as a percentage of kills in entire the game.
 B = Kills by you in this place as a percentage of kills by you in the entire game.
 C = Kills by friends in this place as a percentage of kills by friends in the entire game.
 D = Other kills in this place as a percentage of other kills in the entire game.
 E = Experience gained in this place as a percentage of experience gained in the entire game.
 F = Experience gained in this place divided by the number of levels of this place that you have seen.
                   A       B       C       D       E      F
               +-------+-------+-------+-------+-------+----------------------
         Total | 100.0 | 100.0 | 100.0 | 100.0 | 100.0 | 4725.5
       Dungeon |  57.8 |  58.2 |   0.0 |  25.0 |  33.0 | 3537.3
          Lair |  17.6 |  17.7 |   0.0 |   0.0 |  23.3 | 6252.2
         Swamp |  10.0 |   9.5 | 100.0 |  50.0 |  27.5 | 11055.8
  Orcish Mines |  12.9 |  12.9 |   0.0 |  25.0 |  12.7 | 10238.0
        Vaults |   1.7 |   1.7 |   0.0 |   0.0 |   3.4 | 5396.0
               +-------+-------+-------+-------+-------+----------------------
